 Dungeon Crawl Stone Soup version 0.30-a0-55-g90e3122c3a (webtiles) character file.

Game seed: 9625219462827509439

348570 jlumianski the End of an Era (level 21, -4/168 HPs)
             Began as a Demonspawn Gladiator on Sept 9, 2022.
             Was the Champion of Qazlal.
             Killed by divine providence
             ... invoked by a deep elf high priest
              (17 damage)
             ... on level 5 of the Vaults on Sept 10, 2022.
             The game lasted 04:27:49 (40088 turns).

jlumianski the End of an Era (DsGl)                Turns: 40088, Time: 04:27:50

Health: -4/168     AC: 62    Str: 28    XL:     21   Next: 23%
Magic:  35/35      EV: 12    Int: 15    God:    Qazlal [******]
Gold:   5074       SH: 24    Dex: 16    Spells: 20/20 levels left

rFire   . . .      SeeInvis +    y - +9 broad axe (vorpal)
rCold   . . .      Faith    .    q - +2 kite shield {AC+3}
rNeg    . . .      Spirit   .    G - +8 orange crystal plate armour {Archmagi, Int+3 Clar}
rPois   .          Reflect  .    u - +2 helmet {SInv}
rElec   .          Harm     .    (cloak unavailable)
rCorr   +          Rampage  .    c - +2 pair of gloves of Kikubaaqudgha's Favour {rCorr Stlth+}
Will    +....      Archmagi +    v - +2 pair of boots
Stlth   .......... Clarity  +    B - amulet of regeneration
HPRegen 1.18/turn                h - +4 ring of protection
MPRegen 0.24/turn                I - +6 ring of strength

@: agile, flayed, protected from physical damage, sanguine armoured, studying
Staves, repel missiles
A: ignite blood 3, powered by pain 3, black mark, sanguine armour 3, bedeviling,
weakness stinger 3
}: 2/15 runes: decaying, serpentine
a: Renounce Religion, Upheaval, Elemental Force, Disaster Area


You were on level 5 of the Vaults.
You worshipped Qazlal.
Qazlal was exalted by your worship.
You visited 7 branches of the dungeon, and saw 36 of its levels.
You also visited: Sewer, Bailey, Gauntlet and Ice Cave.

You collected 6115 gold pieces.
You spent 1041 gold pieces at shops.

Inventory:

Hand Weapons
 t - a +2 eveningstar of flaming
 y - a +9 vorpal broad axe (weapon)
Missiles
 d - 6 throwing nets
 e - 68 poisoned darts
 k - 4 curare-tipped darts
 D - 11 javelins
 F - 14 boomerangs
 H - 6 silver boomerangs
 K - 6 atropa-tipped darts (quivered)
Armour
 c - the +2 pair of gloves of Kikubaaqudgha's Favour (worn) {rCorr Stlth+}
   (You found it in a Gauntlet)

   rCorr:     It protects you from acid and corrosion.
   Stlth:     It makes you more stealthy.
 q - a +2 kite shield of protection (worn)
 u - a +2 helmet of see invisible (worn)
 v - a +2 pair of boots (worn)
 G - the +8 orange crystal plate armour (worn) {Archmagi, Int+3 Clar}
   (You found it on level 4 of the Lair of Beasts)

   Int:       It affects your intelligence (+3).
   Clar:      It protects you against confusion.
Jewellery
 f - a +4 ring of protection
 h - a +4 ring of protection (left hand)
 n - a ring of see invisible
 p - a ring of ice
 w - the ring "Muixok" {rElec rPois Stlth+}
   (You found it on level 1 of the Snake Pit)

   [ring of poison resistance]

   rElec:     It insulates you from electricity.
   rPois:     It protects you from poison.
   Stlth:     It makes you more stealthy.
 B - an amulet of regeneration (around neck)
 C - a ring of ice
 I - a +6 ring of strength (right hand)
 Q - a ring of protection from fire
Wands
 l - a wand of iceblast (31)
 o - a wand of acid (10)
 s - a wand of digging (10)
 O - a wand of mindburst (28)
 W - a wand of charming (4)
Scrolls
 a - a scroll of magic mapping
 g - 17 scrolls of teleportation
 i - 3 scrolls of summoning
 m - 2 scrolls of silence
 J - a scroll of enchant weapon
 N - 12 scrolls of fog
 P - 2 scrolls of poison
 S - 2 scrolls of blinking
 T - a scroll of immolation
 V - 6 scrolls of fear
Potions
 b - 2 potions of mutation
 j - 5 potions of flight
 r - 4 potions of resistance
 x - 6 potions of invisibility
 z - a potion of cancellation
 A - 5 potions of haste
 E - 16 potions of curing
 L - 3 potions of might
 M - 5 potions of ambrosia
Miscellaneous
 R - a tin of tremorstones (1/2)
 U - a condenser vane (inert)


   Skills:
 + Level 15.3 Fighting
 - Level 17.8(18.0) Axes
 + Level 4.0(12.3) Maces & Flails
 + Level 0.1(11.6) Polearms
 + Level 3.6 Throwing
 + Level 12.3 Armour
 + Level 4.1 Dodging
 + Level 2.6 Stealth
 + Level 15.2 Shields
 * Level 20.7 Invocations
 * Level 16.4 Evocations


You had 20 spell levels left.
You didn't know any spells.
Your spell library contained the following spells:

 Spells                   Type           Power      Damage    Failure   Level
 Beastly Appendage        Tmut           0%         N/A       100%        1
 Foxfire                  Conj/Fire      0%         2x1d4     100%        1
 Freeze                   Ice            0%         1d3       100%        1
 Magic Dart               Conj           0%         1d3       100%        1
 Slow                     Hex            0%         N/A       100%        1
 Summon Small Mammal      Summ           0%         N/A       100%        1
 Scorch                   Fire           0%         2d5       100%        2
 Searing Ray              Conj           0%         2d4       100%        2
 Static Discharge         Conj/Air       0%         3-3/arc   100%        2
 Wereblood                Tmut           0%         N/A       100%        2
 Call Canine Familiar     Summ           0%         N/A       100%        3
 Confusing Touch          Hex            0%         N/A       100%        3
 Conjure Flame            Conj/Fire      0%         6-21      100%        3
 Dazzling Flash           Conj/Hex       0%         N/A       100%        3
 Frozen Ramparts          Ice            0%         1d1       100%        3
 Gell's Gravitas          Tloc           0%         N/A       100%        3
 Ignite Poison            Fire/Tmut/Pois 0%         N/A       100%        3
 Inner Flame              Hex/Fire       0%         N/A       100%        3
 Lesser Beckoning         Tloc           0%         N/A       100%        3
 Ozocubu's Armour         Ice            0%         N/A       100%        3
 Spider Form              Tmut/Pois      0%         N/A       100%        3
 Summon Guardian Golem    Hex/Summ       0%         N/A       100%        3
 Teleport Other           Tloc           0%         N/A       100%        3
 Vampiric Draining        Necr           0%         2d6       100%        3
 Cause Fear               Hex            0%         N/A       100%        4
 Dispel Undead            Necr           0%         3d6       100%        4
 Flame Wave               Conj/Fire      0%         2d4       100%        4
 Fulminant Prism          Conj/Hex       0%         3d6       100%        4
 Hailstorm                Conj/Ice       0%         3d3       100%        4
 Ice Form                 Ice/Tmut       0%         N/A       100%        4
 Iskenderun's Mystic Bla  Conj/Tloc      0%         2d3       100%        4
 Passage of Golubria      Tloc           0%         N/A       100%        4
 Sticky Flame             Conj/Fire      0%         2d3       100%        4
 Summon Ice Beast         Ice/Summ       0%         N/A       100%        4
 Summon Lightning Spire   Summ/Air       0%         N/A       100%        4
 Agony                    Necr           0%         N/A       100%        5
 Alistair's Intoxication  Tmut/Pois      0%         N/A       100%        5
 Borgnjor's Vile Clutch   Necr/Erth      0%         N/A       100%        5
 Freezing Cloud           Conj/Ice/Air   0%         6-21      100%        5
 Metabolic Englaciation   Hex/Ice        0%         N/A       100%        5
 Silence                  Hex/Air        0%         N/A       100%        5
 Summon Mana Viper        Hex/Summ       0%         N/A       100%        5
 Conjure Ball Lightning   Conj/Air       0%         3x3d6     100%        6
 Eringya's Noxious Bog    Tmut/Pois      0%         N/A       100%        6
 Iron Shot                Conj/Erth      0%         9d1       100%        6
 Simulacrum               Ice/Necr       0%         N/A       100%        6
 Summon Cactus Giant      Summ           0%         N/A       100%        6
 Dragon Form              Tmut           0%         N/A       100%        7
 Monstrous Menagerie      Summ           0%         N/A       100%        7
 Storm Form               Tmut/Air       0%         N/A       100%        7
 Lehudib's Crystal Spear  Conj/Erth      0%         10d2      100%        8
 Maxwell's Capacitive Co  Air            0%         ∞         100%        8
 Dragon's Call            Summ           0%         N/A       100%        9
 Polar Vortex             Ice            0%         N/A       100%        9


Dungeon Overview and Level Annotations

Branches:
Dungeon (15/15)            Temple (1/1) D:5            Lair (5/5) D:10
  Swamp (4/4) Lair:2        Snake (4/4) Lair:3        Slime (0/5) Lair:5
    Orc (2/2) D:12            Elf (0/3) Orc:2        Vaults (5/5) D:14
  Crypt (0/3) Vaults:3     Depths (0/4) D:15          Sewer (visited)
 Bailey (visited)           IceCv (visited)         Gauntlet (visited)

Altars:
Ashenzari
Fedhas
Gozag
Makhleb
Okawaru
Qazlal
Ru
Sif Muna
Trog
Uskayaw
Vehumet
Wu Jian
Yredelemnul
Lugonu

Shops:
D:4 *   D:6 (   D:7 ?   D:14 ?   Orc:2 =([[   Vaults:2 [   Vaults:3 [

Portals:
Abyss: Lair:1
Trove: D:10 (give +5 demon whip)


Innate Abilities, Weirdness & Mutations

Your demonic aura causes all spilled blood to erupt in flames.
You are powered by pain.
Your melee attacks may debilitate your foes.
When seriously injured, your blood forms very thick armour. (AC +12)
Your hexes are more powerful.
You have a sharp stinger which inflicts weakening toxins.


Message History

The tengu reaver hits you with a +3 great mace of protection!
* * * LOW HITPOINT WARNING * * *
You block the tengu reaver's attack. The tengu reaver barely misses you.
You feel better.
You hear a shout! x2
The war gargoyle is no longer weakened.
The deep elf sorcerer is engulfed in freezing vapours.
You block the deep elf sorcerer's attack.
The war gargoyle is engulfed in blazing flames.
You block the war gargoyle's attack.
The warg is engulfed in freezing vapours.
You kill the warg!
Qazlal accepts your kill.
The tengu reaver is engulfed in freezing vapours.
You block the tengu reaver's attack. x2
The tengu reaver claws you but does no damage.
The war gargoyle is engulfed in freezing vapours.
The war gargoyle hits you but does no damage.
The orc knight is engulfed in freezing vapours.
You kill the orc knight!
Qazlal accepts your kill.
The orc wizard is engulfed in freezing vapours.
You kill the orc wizard!
Qazlal accepts your kill.
The orc warrior is engulfed in freezing vapours.
The orc knight is engulfed in freezing vapours.
The orc knight roars a battlecry!
The yaktaur captain is engulfed in blazing flames.
An orc knight comes into view. It is wielding a +0 glaive.
The shadow dragon is engulfed in freezing vapours.
You block the deep elf high priest's attack.
The stone giant is engulfed in freezing vapours.
The deep elf high priest is engulfed in freezing vapours.
The stone giant hits you but does no damage.
The titan is engulfed in freezing vapours.
The deep elf sorcerer is engulfed in freezing vapours.
The deep elf high priest is engulfed in freezing vapours.
The deep elf high priest mumbles some strange prayers to its god against you.
Something smites you!
You die...

#D#....##C#§
###.#....#§#W.
...°§§.?H§§#
####.○§§§§§C####
.....§D☼§CDD§☼..
.☼....§peT°§....
......○9eQC§....
......☼e@9p§§...
####§L§QCopc####
#.D§§○°§c9oT°§e§
...§§#○§p§#e§§##
.○...#..§§#§§§§§
.... #..§§# #§§#
... #....# .#.
... #..o.# #


You could see 3 shadow dragons, a titan (empowered), a golden dragon, an ancient
lich (fast, empowered, invisible), a storm dragon, a sphinx (empowered), 4 stone
giants, a vault warden (empowered), 2 tengu reavers, 2 yaktaur captains, 3 vault
guards, 2 orc knights, 2 deep elf sorcerers, a flayed ghost, a deep troll, 3 war
gargoyles, 3 deep elf high priests, a troll shaped shifter and an orc warrior
(strong).

Vanquished Creatures
  An ancient lich (Vaults:4)
  Mara (Vaults:3)
  Bai Suzhen (Snake:4)
  Vashnia (Snake:4)
  Mlioglotl (Lair:3)
  A lich (Vaults:4)
  A quicksilver dragon (Vaults:5)
  Asterion (Vaults:3)
  2 sphinxes
  A titan (Vaults:5)
  An ancient champion (Vaults:3)
  A thorn hunter (Swamp:1)
  A tengu reaver (Vaults:5)
  Donald (Swamp:1)
  The ghost of Pocvaraige the Brawler, a journeyman TrMo of Gozag (D:14)
  2 nagarajas (Snake:4)
  A fire giant (Vaults:4)
  2 frost giants
  11 vault wardens
  2 orc warlords
  Louise (Swamp:1)
  10 very ugly things
  24 ironbound preservers
  A stone giant (Vaults:4)
  The ghost of Newt the Markskobold, a journeyman KoHu of Hepliaklqana (Swamp:1)
  2 war gargoyles
  4 ironbound thunderhulks
  14 dire elephants
  An entropy weaver (Vaults:4)
  A vampire knight (Vaults:3)
  A minotaur (Gauntlet)
  5 eleionomae
  4 bunyips
  An eidolon (Vaults:3)
  2 ettins
  2 crystal guardians (Vaults:1)
  Josephine (Orc:2)
  12 yaktaur captains
  3 fire dragons
  A deep elf high priest (Vaults:5)
  2 rakshasas (D:14)
  An ice dragon (D:14)
  5 great orbs of eyes
  4 boulder beetles
  2 peacekeepers
  Erolcha (D:9)
  2 ogre magi (Vaults:5)
  22 hydras
  4 salamander tyrants
  40 vault guards
  22 centaur warriors
  3 ghost crabs
  A merfolk avatar (Lair:5)
  8 anacondas
  14 ironbound frosthearts
  3 catoblepae
  4 two-headed ogres
  8 tengu warriors
  12 alligators
  2 death yaks
  15 naga warriors
  A spriggan berserker (Swamp:4)
  3 shock serpents
  An orc high priest (Orc:1)
  10 naga sharpshooters
  2 fire crabs (Swamp:4)
  50 deep trolls
  4 spectral spriggans (Swamp:2)
  2 sixfirhies (Gauntlet)
  4 glowing orange brains
  2 spriggan druids (Swamp:2)
  5 salamander mystics
  5 goliath frogs
  3 phantasmal warriors
  A sea snake (Lair:5)
  6 swamp dragons
  5 bog bodies
  13 orc knights
  13 ironbound convokers
  11 wizards
  2 fenstrider witch simulacra (Swamp:2)
  8 harpies
  7 naga ritualists
  An obsidian statue (D:14)
  10 lindwurms
  9 mana vipers
  A deep elf zephyrmancer (D:14)
  3 necromancers
  7 orc sorcerers
  3 deep elf pyromancers
  A wolf spider (D:14)
  31 ugly things
  2 manticores
  4 will-o-the-wisps
  2 frost giant skeletons
  21 salamanders
  6 cyclopes
  An oklob plant (Gauntlet)
  13 elephants
  A moth of wrath (D:14)
  13 vault sentinels
  31 black mambas
  7 guardian serpents
  13 naga magi
  2 ice statues (IceCv)
  14 cane toads
  A gargoyle (D:13)
  An eye of devastation (Lair:5)
  3 torpor snails
  A cane toad (shapeshifter) (D:14)
  A human zombie (Vaults:2)
  2 kobold demonologists (D:9)
  A yaktaur (shapeshifter) (D:14)
  A tengu conjurer (Gauntlet)
  8 rime drakes
  20 yaktaurs
  7 ice devils (IceCv)
  3 efreet
  5 anaconda simulacra (IceCv)
  3 freezing wraiths
  12 komodo dragons
  7 trolls
  2 polar bears
  A meliai (shapeshifter) (D:15)
  2 spectral death drakes (Swamp:2)
  5 saltlings (Orc:2)
  9 hornets
  A tarantella (shapeshifter) (D:14)
  3 meliai (D:14)
  38 blink frogs
  4 tyrant leeches
  A raiju (shapeshifter) (Vaults:5)
  A wind drake (Lair:5)
  21 slime creatures
  An ettin zombie (Vaults:3)
  12 dream sheep
  A jumping spider (shapeshifter) (D:13)
  3 shadows
  An air elemental (D:12)
  A water elemental (D:12)
  A centaur simulacrum (D:15)
  7 spriggans
  3 wyverns
  An ettin skeleton (Vaults:2)
  40 yaks
  A dire elephant simulacrum (IceCv)
  5 wraiths
  A fire elemental (D:12)
  8 vampire mosquitoes
  2 basilisks
  6 steam dragons
  A spriggan simulacrum (Swamp:2)
  2 redbacks (Vaults:4)
  Menkaure (D:4)
  Edmund (D:4)
  4 harpy simulacra (IceCv)
  3 wargs
  40 nagas
  15 water moccasins
  A death drake simulacrum (Swamp:2)
  10 swamp worms
  An acid dragon (Gauntlet)
  A floating eye (Lair:5)
  2 sky beasts (D:8)
  18 orc warriors
  11 swamp drakes
  3 black bears
  2 ice beasts (D:6)
  4 wolves (Lair:4)
  4 boggarts (D:15)
  16 centaurs
  3 ogres
  2 human skeletons (Vaults:3)
  2 phantoms
  16 bullfrogs
  8 kobold brigands
  2 gnoll sergeants
  2 necrophages
  An ogre simulacrum (Vaults:2)
  3 scorpions
  A hornet simulacrum (D:14)
  2 troll zombies (D:12)
  7 killer bees
  2 howler monkeys
  2 hounds (D:6)
  3 gnoll boudas
  7 orc priests
  3 iguanas
  16 orc wizards
  2 troll simulacra (IceCv)
  A polar bear simulacrum (IceCv)
  6 ogre zombies (D:12)
  21 gnolls
  5 river rats
  10 adders
  A shadow imp (D:5)
  2 white imps
  4 worms
  5 dart slugs (D:1)
  45 orcs
  5 endoplasms
  3 giant cockroaches
  8 goblins
  13 hobgoblins
  6 jackals (D:1)
  28 kobolds
  4 quokkas
  11 ball pythons
  3 bats
  A frilled lizard (D:1)
  4 goblin zombies (D:12)
  3 hobgoblin skeletons (D:12)
  3 hobgoblin zombies (D:12)
  2 orc skeletons (D:12)
  13 orc zombies (D:12)
  12 rats
  2 butterflies (Lair:1)
  A pillar of salt (Orc:2)
1358 creatures vanquished.

Vanquished Creatures (collateral kills)
  An orc warlord (Vaults:1)
  An ironbound preserver (Vaults:1)
  An ironbound thunderhulk (Vaults:1)
  A salamander tyrant (Snake:4)
  A vault guard (Vaults:2)
  An anaconda (Snake:4)
  A shock serpent (Snake:4)
  A naga sharpshooter (Snake:4)
  An orc knight (Vaults:1)
  A mana viper (Snake:4)
  A will-o-the-wisp (Swamp:1)
  2 salamanders (Snake:4)
  An elephant (Lair:4)
  A guardian serpent (Snake:4)
  A wraith (Orc:2)
  An earth elemental (D:12)
17 creatures vanquished.

Vanquished Creatures (others)
  A will-o-the-wisp (Swamp:4)
  A hornet (Swamp:4)
  4 bloated husks
  A swamp worm (Swamp:3)
  A swamp drake (Swamp:4)
  4 briar patches (Swamp:1)
  26 foxfires
  26 fungi
  A lurking horror (Lair:1)
  3 pillars of salt (Orc:2)
  47 plants
115 creatures vanquished.

Grand Total: 1490 creatures vanquished

Notes
Turn   | Place    | Note
-------+----------+-------------------------------------------
     0 | D:1      | jlumianski the Demonspawn Gladiator began the quest for the
                  | Orb.
     0 | D:1      | Reached XP level 1. HP: 16/16 MP: 1/1
    73 | D:1      | Gained mutation: When seriously injured, your blood forms
                  | armour. (AC +12) [demonic ancestry]
    73 | D:1      | Reached XP level 2. HP: 17/22 MP: 2/2
   556 | D:1      | Gained mutation: Your demonic aura sometimes causes spilled
                  | blood to erupt in flames. [demonic ancestry]
   556 | D:1      | Reached XP level 3. HP: 17/27 MP: 3/3
  1325 | D:2      | Gained mutation: You sometimes gain a little power by
                  | taking damage. [demonic ancestry]
  1325 | D:2      | Reached XP level 4. HP: 18/34 MP: 4/4
  2057 | D:5      | Entered Level 5 of the Dungeon
  2057 | D:5      | Noticed Menkaure
  2080 | D:4      | Found an opulent altar of Gozag.
  2141 | D:4      | Noticed a phantom
  2158 | D:4      | Killed a phantom
  2159 | D:4      | Reached skill level 1 in Armour
  2159 | D:4      | Gained mutation: Your demonic aura often causes spilled
                  | blood to erupt in flames. [demonic ancestry]
  2159 | D:4      | Reached XP level 5. HP: 26/39 MP: 5/5
  2270 | D:4      | Found a glowing drain.
  2311 | Sewer    | Entered a sewer
  2576 | Sewer    | Reached XP level 6. HP: 41/46 MP: 6/6
  2744 | Sewer    | Reached skill level 5 in Axes
  3452 | D:4      | Noticed Edmund
  3464 | D:4      | Killed Edmund
  3465 | D:4      | Gained mutation: When seriously injured, your blood forms
                  | thick armour. (AC +12) [demonic ancestry]
  3465 | D:4      | Reached XP level 7. HP: 34/52 MP: 2/7
  3501 | D:4      | Found Dasan's Overcharged Wands.
  3503 | D:5      | Found a staircase to the Ecumenical Temple.
  3512 | Temple   | Entered the Ecumenical Temple
  3570 | Temple   | Became a worshipper of Qazlal Stormbringer
  3955 | D:4      | Found an ornate altar of the Wu Jian Council.
  4824 | D:3      | Found a burning altar of Makhleb.
  4824 | D:3      | Noticed a blizzard demon
  5108 | D:4      | Killed Menkaure
  5109 | D:4      | Reached skill level 1 in Shields
  5109 | D:4      | Reached skill level 1 in Invocations
  5295 | D:4      | Reached skill level 1 in Evocations
  5519 | D:5      | Reached skill level 2 in Invocations
  5519 | D:5      | Gained mutation: You have a small tail. [demonic ancestry]
  5519 | D:5      | Reached XP level 8. HP: 51/60 MP: 9/9
  6185 | D:6      | Reached skill level 3 in Invocations
  6300 | D:6      | Reached * piety under Qazlal
  6301 | D:6      | Reached skill level 4 in Invocations
  6463 | D:6      | Found Otamehif's Antique Weapon Emporium.
  6466 | D:6      | Bought a battleaxe for 149 gold pieces
  7059 | D:6      | Reached XP level 9. HP: 59/65 MP: 12/12
  7083 | D:6      | Found a shimmering blue altar of Sif Muna.
  7083 | D:6      | Found a hide-covered altar of Uskayaw.
  7093 | D:6      | Found an iron altar of Okawaru.
  7095 | D:6      | Found a faded altar of an unknown god.
  7299 | D:7      | Reached skill level 5 in Invocations
  7501 | D:7      | Found Ypint's Magic Scroll Boutique.
  7510 | D:7      | Bought a scroll of blinking for 105 gold pieces
  7510 | D:7      | Bought a scroll of blinking for 105 gold pieces
  7761 | D:7      | Reached ** piety under Qazlal
  8101 | D:8      | Found a flagged portal.
  8170 | Bailey   | Entered a bailey
  8393 | Bailey   | Found a large runed translucent door.
  8393 | Bailey   | Found a large runed translucent door.
  8394 | Bailey   | Noticed a deep elf pyromancer
  8394 | Bailey   | Noticed an orc knight
  8419 | Bailey   | Killed an orc knight
  8420 | Bailey   | Reached skill level 5 in Armour
  8479 | Bailey   | Reached skill level 6 in Invocations
  8516 | Bailey   | Killed a deep elf pyromancer
  8517 | Bailey   | Gained mutation: You have a tail ending in a sharp stinger.
                  | [demonic ancestry]
  8517 | Bailey   | Reached XP level 10. HP: 64/73 MP: 14/14
  9414 | D:8      | Identified a scroll of acquirement
  9414 | D:8      | Acquired 1028 gold pieces
  9444 | D:9      | Noticed an orange demon
  9450 | D:9      | Reached skill level 5 in Fighting
  9450 | D:9      | Reached skill level 5 in Evocations
  9451 | D:9      | Reached skill level 7 in Invocations
  9578 | D:9      | Found a blossoming altar of Fedhas.
  9603 | D:9      | Found a basalt altar of Yredelemnul.
  9756 | D:9      | Noticed a white ugly thing
  9769 | D:9      | Killed a white ugly thing
  9797 | D:9      | Noticed Erolcha
  9805 | D:9      | Killed Erolcha
  9872 | D:9      | Noticed a deep elf pyromancer
  9889 | D:9      | Killed a deep elf pyromancer
 10278 | D:10     | Entered Level 10 of the Dungeon
 10278 | D:10     | Noticed a two-headed ogre
 10286 | D:9      | Killed a two-headed ogre
 10287 | D:9      | Reached skill level 8 in Invocations
 10287 | D:9      | Reached XP level 11. HP: 69/80 MP: 15/17
 10402 | D:10     | Found a portal to a secret trove of treasure.
 10550 | D:10     | Found a staircase to the Lair.
 10664 | D:10     | Found a radiant altar of Vehumet.
 10924 | D:11     | Noticed an eight-headed hydra
 10939 | D:11     | Killed an eight-headed hydra
 11102 | D:10     | Reached skill level 9 in Invocations
 11121 | D:11     | Reached *** piety under Qazlal
 11642 | D:11     | Reached skill level 10 in Axes
 11650 | D:11     | Found an iron altar of Okawaru.
 12161 | D:12     | Found a staircase to the Orcish Mines.
 12161 | D:12     | Noticed an orc sorcerer
 12205 | D:12     | Noticed a sixfirhy
 12237 | D:11     | Killed an orc sorcerer
 12352 | D:12     | Reached skill level 5 in Shields
 12437 | D:12     | Reached **** piety under Qazlal
 12516 | D:12     | Noticed a deep elf pyromancer
 12523 | D:12     | Killed a deep elf pyromancer
 12589 | D:12     | Noticed a two-headed ogre
 12600 | D:12     | Killed a two-headed ogre
 12721 | D:12     | Found a large runed translucent door.
 12723 | D:12     | Found a large runed translucent door.
 12867 | D:12     | Paralysed by an air elemental for 1 turns
 12869 | D:12     | Paralysed by an air elemental for 1 turns
 12872 | D:12     | Paralysed by an air elemental for 1 turns
 12875 | D:12     | Paralysed by an air elemental for 1 turns
 12879 | D:12     | Paralysed by an air elemental for 1 turns
 12881 | D:12     | Paralysed by an air elemental for 1 turns
 12966 | Orc:1    | Entered Level 1 of the Orcish Mines
 12966 | Orc:1    | Noticed an orc sorcerer
 12969 | Orc:1    | Paralysed by an orc sorcerer for 4 turns
 12984 | D:12     | Killed an orc sorcerer
 13049 | D:12     | Gained mutation: You sometimes gain power by taking damage.
                  | [demonic ancestry]
 13049 | D:12     | Reached XP level 12. HP: 73/89 MP: 19/19
 13260 | Orc:2    | Entered Level 2 of the Orcish Mines
 13442 | Orc:1    | Reached skill level 10 in Invocations
 13783 | Orc:2    | Found a staircase to the Elven Halls.
 13784 | Orc:2    | Noticed Josephine
 13814 | Orc:2    | Killed Josephine
 14110 | Orc:2    | Found Jourutev's Jewellery Shop.
 14232 | Orc:2    | Noticed a two-headed ogre
 14260 | Orc:2    | Killed a two-headed ogre
 14290 | Orc:2    | Noticed an orc high priest
 14449 | Orc:1    | Killed an orc high priest
 14820 | Orc:2    | Noticed a two-headed ogre
 14832 | Orc:2    | Killed a two-headed ogre
 14833 | Orc:2    | Reached skill level 11 in Invocations
 14999 | Orc:2    | Found Owkupp's Armour Emporium.
 15019 | Orc:2    | Found Tuer's Antique Weapon Boutique.
 15021 | Orc:2    | Found Yqocka's Armour Boutique.
 15026 | Orc:2    | Bought a +2 helmet of see invisible for 322 gold pieces
 15511 | Lair:1   | Entered Level 1 of the Lair of Beasts
 15581 | D:13     | Noticed a tengu warrior
 15584 | D:13     | Noticed a tengu warrior
 15595 | D:12     | Killed a tengu warrior
 15630 | D:13     | Killed a tengu warrior
 15654 | D:13     | Reached XP level 13. HP: 94/98 MP: 21/21
 15840 | D:13     | Found a gate leading to a gauntlet.
 15854 | Gauntlet | Entered a Gauntlet
 15854 | Gauntlet | Found a transporter.
 15854 | Gauntlet | Found a transporter.
 15858 | Gauntlet | Found a transporter.
 15858 | Gauntlet | Found a transporter.
 15869 | Gauntlet | Found a transporter.
 15917 | Gauntlet | Found a transporter.
 15937 | Gauntlet | Found a transporter.
 15953 | Gauntlet | Found a transporter.
 15977 | Gauntlet | Found a transporter.
 16059 | Gauntlet | Found a transporter.
 16077 | Gauntlet | Found a transporter.
 16097 | Gauntlet | Found a transporter.
 16113 | Gauntlet | Found a transporter.
 16263 | Gauntlet | Identified the +2 pair of gloves of Kikubaaqudgha's Favour
                  | {rCorr Stlth+}
 16313 | Gauntlet | Found a transporter.
 16372 | Gauntlet | Found a transporter.
 16431 | Gauntlet | Noticed a minotaur
 16450 | Gauntlet | Killed a minotaur
 16457 | Gauntlet | Identified the ring of Husojics {Ice rPois}
 16911 | D:13     | Reached skill level 12 in Invocations
 17120 | D:14     | Reached skill level 1 in Stealth
 17346 | D:14     | Found Istry's Magic Scroll Shoppe.
 17354 | D:14     | Bought a scroll of enchant armour for 120 gold pieces
 17354 | D:14     | Bought a scroll of enchant weapon for 120 gold pieces
 17354 | D:14     | Bought a scroll of enchant armour for 120 gold pieces
 17610 | D:14     | Found a gate to the Vaults.
 17675 | D:14     | Noticed Pocvaraige's ghost (journeyman TrMo)
 17682 | D:14     | Found a transporter.
 17703 | D:14     | Noticed an orc warlord
 17713 | D:14     | Found a bloodstained altar of Trog.
 17714 | D:14     | Found a transporter.
 17719 | D:15     | Entered Level 15 of the Dungeon
 17735 | D:14     | Found a broken altar of Ashenzari.
 17948 | D:14     | Reached skill level 10 in Evocations
 17956 | D:14     | Reached XP level 14. HP: 89/106 MP: 23/23
 18442 | D:14     | Killed an orc warlord
 18671 | D:14     | HP: 4/106 [Pocvaraige's ghost (17)]
 18803 | D:14     | Killed Pocvaraige's ghost
 18804 | D:14     | Reached skill level 13 in Invocations
 19434 | Lair:1   | Found a one-way gate to the infinite horrors of the Abyss.
 19435 | Lair:1   | Found a corrupted altar of Lugonu.
 19500 | Lair:1   | Reached ***** piety under Qazlal
 20252 | Lair:2   | Found a staircase to the Swamp.
 20317 | Lair:2   | Found an ornate altar of the Wu Jian Council.
 21262 | Lair:3   | Found a staircase to the Snake Pit.
 21388 | Lair:3   | You fall into a shaft and drop 1 floor!
 21511 | Lair:4   | Reached skill level 14 in Invocations
 21528 | Lair:4   | Gained mutation: You have a sharp stinger which inflicts
                  | weakening toxins. [demonic ancestry]
 21528 | Lair:4   | Reached XP level 15. HP: 98/115 MP: 25/25
 21529 | Lair:4   | Found a frozen archway.
 21546 | IceCv    | Entered an ice cave
 22556 | Lair:4   | Found the +8 orange crystal plate armour {Archmagi, Int+3
                  | Clar}
 22588 | Lair:4   | Reached skill level 1 in Maces & Flails
 23095 | Lair:5   | Entered Level 5 of the Lair of Beasts
 23118 | Lair:5   | Reached skill level 10 in Fighting
 23506 | Lair:5   | Paralysed by a floating eye for 4 turns
 23514 | Lair:5   | Paralysed by a floating eye for 4 turns
 23532 | Lair:5   | Found a staircase to the Slime Pits.
 23714 | Lair:5   | Reached ****** piety under Qazlal
 23756 | Lair:5   | Reached skill level 15 in Invocations
 23941 | Lair:5   | Got the Vellum of the Impact
 24735 | D:15     | Gained mutation: Your hexes are more powerful. [demonic
                  | ancestry]
 24735 | D:15     | Reached XP level 16. HP: 91/123 MP: 27/27
 24752 | D:15     | Found a staircase to the Depths.
 25538 | Snake:1  | Entered Level 1 of the Snake Pit
 25538 | Snake:1  | Noticed Mlioglotl
 25555 | Lair:3   | Killed Mlioglotl
 25759 | Snake:1  | Identified the ring "Muixok" {rElec rPois Stlth+}
 26741 | Snake:2  | Reached skill level 10 in Armour
 26760 | Snake:2  | Reached skill level 15 in Axes
 26777 | Snake:2  | Reached skill level 10 in Shields
 27421 | D:10     | Acquired 764 gold pieces
 27654 | Snake:3  | Reached skill level 16 in Invocations
 28485 | Snake:4  | Entered Level 4 of the Snake Pit
 28541 | Snake:4  | Gained mutation: When seriously injured, your blood forms
                  | very thick armour. (AC +12) [demonic ancestry]
 28541 | Snake:4  | Reached XP level 17. HP: 68/131 MP: 29/29
 29516 | Snake:4  | Noticed Vashnia
 29535 | Snake:4  | Killed Vashnia
 29721 | Snake:4  | Got a serpentine rune of Zot
 29950 | Snake:4  | Noticed Bai Suzhen
 29993 | Snake:4  | Killed Bai Suzhen
 30550 | Swamp:1  | Entered Level 1 of the Swamp
 30564 | Swamp:1  | Noticed Louise
 30575 | Swamp:1  | Reached skill level 17 in Invocations
 30578 | Swamp:1  | Killed Louise
 31193 | Swamp:2  | Noticed Donald
 31266 | Swamp:1  | Killed Donald
 31411 | Swamp:2  | Found a runed translucent gate.
 31411 | Swamp:2  | Found a runed translucent gate.
 31411 | Swamp:2  | Found a runed translucent gate.
 31420 | Swamp:2  | Noticed Newt's ghost (journeyman KoHu)
 31787 | Swamp:1  | Killed Newt's ghost
 31923 | Swamp:2  | Identified the +1 cloak "Folaebox" {Str+3}
 32102 | Swamp:2  | Reached XP level 18. HP: 123/140 MP: 30/30
 32755 | Swamp:4  | Entered Level 4 of the Swamp
 33502 | Swamp:4  | Got a decaying rune of Zot
 34050 | Vaults:1 | Entered Level 1 of the Vaults
 34153 | Vaults:1 | Reached skill level 18 in Invocations
 34985 | Vaults:1 | Gained mutation: You are powered by pain. [demonic
                  | ancestry]
 34985 | Vaults:1 | Reached XP level 19. HP: 147/148 MP: 32/32
 35572 | Vaults:2 | Found Quahydemp's Armour Emporium.
 35655 | Vaults:2 | Paralysed by a sphinx for 2 turns
 36021 | Vaults:2 | Reached skill level 15 in Evocations
 36091 | Vaults:2 | Noticed Asterion
 36278 | Vaults:2 | Reached skill level 19 in Invocations
 36620 | Vaults:3 | Noticed Mara
 36627 | Vaults:3 | Noticed jlumianski's illusion
 36642 | Vaults:3 | Killed Mara
 36740 | Vaults:3 | Killed Asterion
 36870 | Vaults:2 | You fall into a shaft and drop 1 floor!
 37473 | Vaults:3 | Found a staircase to the Crypt.
 37632 | Vaults:3 | Gained mutation: Your demonic aura causes all spilled blood
                  | to erupt in flames. [demonic ancestry]
 37632 | Vaults:3 | Reached XP level 20. HP: 148/148 MP: 33/33
 38399 | Vaults:3 | Found Ydolaug's Antique Armour Shop.
 38716 | Vaults:4 | Reached skill level 20 in Invocations
 39846 | Vaults:5 | Entered Level 5 of the Vaults
 39935 | Vaults:4 | Reached skill level 15 in Fighting
 39961 | Vaults:5 | Noticed an ancient lich
 39964 | Vaults:5 | Reached skill level 15 in Shields
 39965 | Vaults:5 | Gained mutation: Your melee attacks may debilitate your
                  | foes. [demonic ancestry]
 39965 | Vaults:5 | Reached XP level 21. HP: 145/168 MP: 35/35
 39980 | Vaults:4 | Killed an ancient lich
 40082 | Vaults:5 | Noticed an ancient lich
 40087 | Vaults:5 | Noticed a golden dragon
 40087 | Vaults:5 | HP: 2/168 [tengu reaver/+3 great mace of protection (12)]
 40088 | Vaults:5 | Killed from afar by a deep elf high priest

Illustrated notes

Levels and vault maps discovered:
D:1:      dpeg_arrival_morbid_curiosity, layout_basic, minmay_hexomino_f4
D:2:      layout_basic
D:3:      layout_loops_ring, makhleb_altar_promises_db, kennysheep_another_room
D:4:      layout_basic, overflow_temple_1_default,
          pdpol_wu_jian_five_deadly_venoms, portal_sewer_entry_a,
          minmay_misc_feat_secret_circle, nicolae_shop_overcharged_wands,
          uniq_edmund
D:5:      layout_loops_ring, minmay_temple_entry_crystal_x, uniq_menkaure
D:6:      layout_gridville, chequers_temple_overflow_minitemple, serial_shops,
          kennysheep_mini_moat, minmay_hedge_maze
D:7:      layout_cave_pools, serial_shops, shop
D:8:      layout_basic, enter_bailey_8, nicolae_wwwww
D:9:      layout_irregular_city, mainiacjoe_overflow_six_doors_small,
          nicolae_overflow_hidden_temple, uniq_erolcha
D:10:     layout_cave_pools, marbit_many_paths, lair_entry_dummy,
          nicolae_trove_entry_isolated
D:11:     layout_irregular_city, minivault_25_ag, okawaru_altar_gauntlet_db
D:12:     layout_rooms, zombieorc2_lemuel, lightli_elemental_guards
D:13:     layout_roguey, gauntlet_entry_generic
D:14:     minmay_blocky_corners, layout_gridville, david_vaults_5, serial_shops,
          nicolae_shop_hallway_stairs, gammafunk_ghost_wrathful_warriors,
          nicolae_ashenzari_panopticon, minivault_16
D:15:     gammafunk_enter_depths_forms, layout_irregular_city
Temple:   hc_temple_tempest_star
Lair:1:   layout_concentric_octagons, grunt_forest_stairs_basic,
          amcnicky_altar_lugonu_corruption, lemuel_fruit_fields,
          serial_bayou_shore_a
Lair:2:   layout_small_grid, skrybe_swamp_entry_bodies, basic_altar,
          st_stairs_6, minmay_holes, grunt_megastairs_4
Lair:3:   layout_loops_ring, guppyfry_snake_entry_garden
Lair:4:   layout_cave_pods, portal_ice_cave_rime
Lair:5:   gammafunk_lair_ancient_temple, layout_regular_city,
          minmay_slime_entry_eyes, hangedman_lair_generics_rect
Swamp:1:  layout_basic_swamp, serial_swamp_ruin, evilmike_swamp_ruin_house_4,
          evilmike_swamp_ruin_house_1, infiniplex_staircase_pool, uniq_louise
Swamp:2:  layout_falls_marsh, gammafunk_ghost_necromancy,
          nicolae_swamp_stair_fork, swamp_pool4, uniq_donald
Swamp:3:  layout_basic_swamp, evilmike_swamp_ruin_rubble_1,
          infiniplex_staircase_pool_2
Swamp:4:  swamp_fiery, layout_basic_swamp
Snake:1:  layout_misc_corridors, uniq_mlioglotl
Snake:2:  nicolae_snake_hallway, layout_basic, grunt_megastairs_1,
          lemuel_fruit_tree
Snake:3:  layout_onion, st_stairs_4, nicolae_snake_boneroom
Snake:4:  grunt_snake_rune_pools, layout_cave_town, nicolae_fountain_basement,
          uniq_vashnia, uniq_bai_suzhen
Orc:1:    layout_caves
Orc:2:    hellmonk_orc_salted, layout_diamond_mine,
          nicolae_orc_sculptors_studio, uniq_josephine
Vaults:1: vaults_dpeg_cross, vaults_room_grunt_arrival_ludios,
          nicolae_vaults_arrows, ontoclasm_vaults_ligature,
          hangedman_vaults_corner_blocks, hangedman_vaults_impose,
          layout_vaults_chaotic_city
Vaults:2: hangedman_vaults_stream, vaults_room_hallway, vaults_standard_mumra_x,
          v_alt_pattern_6, v_pattern_2, dpeg_vaults_monster_row,
          grunt_vaults_twisty, ontoclasm_vaults_idyll,
          vaults_room_stairs_pillars, nicolae_vaults_specimen_jars,
          layout_vaults_omnicross, serial_shops, shop, uniq_asterion
Vaults:3: vaults_mumra_chevron, minmay_crypt_entry_simple_round, v_misc_27,
          nicolae_vaults_meeting, nicolae_vaults_asterisk,
          nicolae_vaults_stairing_the_circle, hangedman_vaults_impose,
          layout_vaults_ring, serial_shops, shop, uniq_mara
Vaults:4: grunt_vaults_hallway_long, v_misc_15, st_lines, hangedman_vaults_trim,
          ontoclasm_vaults_fault, ontoclasm_vaults_twist, vaults_room_hallway,
          v_misc_8, layout_vaults_omnigrid
Vaults:5

Skill      XL: |  1  2  3  4  5  6  7  8  9 10 11 12 13 14 15 16 17 18 19 20 |
---------------+-------------------------------------------------------------+-----
Axes           | 3 4 5 6 7 8 9 10 11 12 13 14 15 16 17 | 17.8
Dodging        | 3 4 |  4.1
Armour         | 1 2 3 5 6 7 8 9 10 11 12 | 12.3
Fighting       | 3 4 5 6 7 8 9 10 11 12 13 15 | 15.3
Shields        | 1 3 4 5 6 7 9 10 11 12 13 15 | 15.2
Invocations    | 2 4 6 8 9 11 12 14 15 16 17 18 19 20 | 20.7
Evocations     | 1 3 4 6 7 8 10 11 12 13 14 15 16 | 16.4
Throwing       | 2 3 |  3.6
Stealth        | 1 2 |  2.6
Maces & Flails | 2 3 4 |  4.0
Polearms       | |  0.1

Action                   |  1- 3 |  4- 6 |  7- 9 | 10-12 | 13-15 | 16-18 | 19-21 || total
-------------------------+-------+-------+-------+-------+-------+-------+-------++-------
Melee: War axe           |   131 |   143 |   270 |   532 |       |       |       ||  1076
       Tailslap          |       |       |    19 |   107 |   194 |   243 |   175 ||   738
       Spear             |       |       |       |     7 |       |       |       ||     7
       Broad axe         |       |       |       |    31 |   828 |  1030 |   678 ||  2567
       Eveningstar       |       |       |       |       |    58 |    77 |       ||   135
Throw: Javelin           |       |     1 |     1 |       |       |       |       ||     2
       Dart              |       |     5 |    26 |    19 |     9 |     4 |       ||    63
Invok: Upheaval          |       |       |     1 |     5 |     3 |     4 |     2 ||    15
       Elemental Force   |       |       |       |     3 |     3 |     7 |     2 ||    15
Evoke: Wand              |       |       |     5 |     5 |     1 |     1 |     2 ||    14
       Condenser vane    |       |       |       |       |     3 |       |     2 ||     5
       Tin of tremorston |       |       |       |       |     1 |     2 |     2 ||     5
  Use: Scroll            |     1 |     8 |     5 |    17 |     9 |     7 |     2 ||    49
       Potion            |     1 |     3 |     2 |     8 |     3 |       |     3 ||    20
 Stab: Petrified         |       |       |       |       |     7 |       |       ||     7
       Paralysed         |       |       |       |       |       |     8 |       ||     8
Armor: Leather armour    |    30 |       |       |       |       |       |       ||    30
       Chain mail        |    23 |    71 |     6 |       |       |       |       ||   100
       Plate armour      |       |       |   195 |   439 |   403 |       |       ||  1037
       Crystal plate arm |       |       |       |       |   291 |   758 |   486 ||  1535
Dodge: Dodged            |    93 |    48 |    70 |   162 |   202 |   154 |    93 ||   822
       Repelled          |       |       |       |       |     5 |    15 |     4 ||    24
Block: Buckler           |    13 |    17 |    96 |   290 |   198 |       |       ||   614
       Kite shield       |       |       |       |       |   646 |  1338 |   850 ||  2834

Table legend: (Time is in decaauts)
 A = Elapsed time spent in this place.
 B = Non-inter-level travel time spent in this place.
 C = Inter-level travel time spent in this place.
 D = Time resting spent in this place.
 E = Time spent auto-exploring this place.
 F = Levels seen in this place.
 G = Mean time per level.
                   A        B        C        D        E       F      G
               +--------+--------+--------+--------+--------+-----+--------+
         Total |  40988 |  38739 |   2249 |   2757 |  18259 |  40 | 1024.7 |
       Dungeon |  15944 |  14750 |   1194 |   1179 |   7797 |  15 | 1062.9 |
        Temple |    108 |    108 |      0 |     26 |      0 |   1 |  108.0 |
          Lair |   5611 |   4994 |    617 |    128 |   3105 |   5 | 1122.2 |
         Swamp |   3662 |   3592 |     70 |    216 |   1385 |   4 |  915.5 |
     Snake Pit |   4654 |   4441 |    213 |    485 |   2013 |   4 | 1163.5 |
  Orcish Mines |   2418 |   2371 |     47 |    297 |    691 |   2 | 1209.0 |
        Vaults |   5887 |   5782 |    105 |    285 |   2611 |   5 | 1177.4 |
         Sewer |   1225 |   1225 |      0 |     81 |    656 |   1 | 1225.0 |
        Bailey |    427 |    427 |      0 |     33 |      0 |   1 |  427.0 |
      Ice Cave |    440 |    440 |      0 |     14 |      0 |   1 |  440.0 |
      Gauntlet |    609 |    609 |      0 |     13 |      0 |   1 |  609.0 |
               +--------+--------+--------+--------+--------+-----+--------+

Top non-repeatable levels by time:
    D:14: 1958 daAuts
   Orc:2: 1711 daAuts
     D:4: 1639 daAuts
Vaults:1: 1551 daAuts
Vaults:4: 1523 daAuts
Vaults:2: 1411 daAuts
     D:1: 1377 daAuts
Vaults:3: 1371 daAuts
 Snake:4: 1342 daAuts
 Snake:3: 1331 daAuts
     D:6: 1310 daAuts
   Sewer: 1225 daAuts
  Lair:2: 1179 daAuts
  Lair:5: 1178 daAuts
 Snake:2: 1138 daAuts
